 Dungeon Crawl Stone Soup version 0.30.0-15-g856e2d3f33 (webtiles) character file.

Game seed: 10834639771171223612

49 oldmanjim the Shooter (level 3, 0/31 HPs)
             Began as a Minotaur Hunter on May 18, 2023.
             Killed from afar by Natasha (8 damage)
             ... with a magic dart
             ... on level 2 of the Dungeon.
             The game lasted 00:01:52 (822 turns).

oldmanjim the Shooter (Minotaur Hunter)              Turns: 822, Time: 00:01:53

Health: 0/31       AC:  3    Str: 21    XL:     3   Next: 51%
Magic:  2/2        EV: 12    Int:  6    God:
Gold:   76         SH:  0    Dex: 15    Spells: 2/2 levels left

rFire   . . .        a - +0 shortbow
rCold   . . .        (shield currently unavailable)
rNeg    . . .        c - +0 leather armour
rPois   .            (helmet restricted)
rElec   .            (no cloak)
rCorr   .            (no gloves)
SInv    .            (no boots)
Will    .....        (no amulet)
Stlth   +            k - +6 ring of strength
HPRegen 0.25/turn    (no ring)
MPRegen 0.08/turn

%: no passive effects
@: no status effects
A: horns 2, retaliatory headbutt
a: no special abilities


You were on level 2 of the Dungeon.
You visited 1 branch of the dungeon, and saw 2 of its levels.

You collected 76 gold pieces.

Inventory:

Hand Weapons
 a - a +0 shortbow (weapon)
 j - a +0 hand axe
Missiles
 d - 20 stones
Armour
 c - a +0 leather armour (worn)
Jewellery
 k - a +6 ring of strength (left hand)
Scrolls
 b - a scroll of immolation
 f - 2 scrolls of identify {unknown}
 i - a scroll of teleportation {unknown}
 l - a scroll of acquirement {unknown}
Potions
 e - a potion of lignification {unknown}
 g - a potion of might {unknown}
 h - a potion of curing {unknown}


   Skills:
 + Level 3.3 Fighting
 + Level 4.9 Ranged Weapons
 + Level 3.1 Dodging
 - Level 0.7 Stealth


You had 2 spell levels left.
You didn't know any spells.
Your spell library was empty.

Dungeon Overview and Level Annotations

Branches:
Dungeon (2/15)

Altars:

Annotations:
D:2 Natasha


Innate Abilities, Weirdness & Mutations

You have a pair of horns on your head.
You reflexively headbutt those who attack you in melee.


Message History

Increase (S)trength, (I)ntelligence, or (D)exterity?
You feel agile. x2
A bat is nearby!
You shoot an arrow. The arrow hits the bat.
The bat is moderately wounded.
You shoot an arrow. The arrow hits the bat!
You kill the bat!
No target in view!
No target in view!
No target in view!
Natasha, Servant of Life and Death comes into view.
You shoot an arrow. The arrow completely misses Natasha.
You shoot an arrow. The arrow closely misses Natasha.
Natasha casts a spell.
You shoot an arrow.
The arrow hits Natasha but does no damage.
You shoot an arrow. The arrow hits Natasha.
Natasha is lightly wounded.
You shoot an arrow.
The arrow hits Natasha but does no damage.
Natasha is lightly wounded.
Natasha closely misses you. The cerulean imp barely misses you.
You shoot an arrow. The arrow hits Natasha.
Natasha is heavily wounded.
Natasha casts a spell at you. The magic dart hits you!
The cerulean imp hits you from afar with a +0 spear.
You shoot an arrow. The arrow hits Natasha.
Natasha is severely wounded.
Natasha claws you!
The cerulean imp hits you from afar with a +0 spear.
* * * LOW HITPOINT WARNING * * *
Unknown command.
Fire: a) +0 shortbow
Press: ? - help, Q - select action, (/) - cycle Shift-Dir - straight line, f/p - Natasha
Aim: Natasha (severely wounded, 55% to hit)
You shoot an arrow. The arrow closely misses Natasha.
Natasha stares at you and mumbles some strange words.
The magic dart hits you!
You die...

######..##.#.
#....#.#### ##.##.#.
####.........#####.##.#.
.......................
##............###......
#..........##..........
.#..........##..####.#..
............### ..#....
#.!†.h@....######.##...
.....5†.................
...........###...#......
...........# ###........
............# ##.......
............# ##......
............######......
.....)..................
[....)....######......


You could see Natasha and a cerulean imp (summoned).

Vanquished Creatures
  Natasha (D:2)
  2 worms (D:2)
  An endoplasm (D:1)
  2 giant cockroaches
  3 jackals (D:1)
  A kobold (D:2)
  2 ball pythons (D:1)
  A bat (D:2)
  A frilled lizard (D:1)
  2 goblins (D:1)
  4 rats (D:1)
20 creatures vanquished.

Notes
Turn   | Place    | Note
-------+----------+-------------------------------------------
     0 | D:1      | oldmanjim the Minotaur Hunter began the quest for the Orb.
     0 | D:1      | Reached XP level 1. HP: 18/18 MP: 0/0
   249 | D:1      | Reached XP level 2. HP: 25/25 MP: 1/1
   796 | D:2      | Noticed Natasha
   803 | D:2      | Killed Natasha
   804 | D:2      | Reached XP level 3. HP: 26/31 MP: 2/2
   814 | D:2      | Noticed Natasha
   822 | D:2      | Killed from afar by Natasha

Illustrated notes

Levels and vault maps discovered:
D:1:      lightli_arrival_windingriver, layout_basic
D:2:      layout_rooms, shapermc_ecumenical_altar_acropolis,
          kennysheep_flooded_box, uniq_natasha

Skill      XL: |  1  2 |
---------------+-------+-----
Fighting       | 3 |  3.3
Dodging        | 3 |  3.1
Ranged Weapons | |  4.9
Stealth        | |  0.7

Action                     || total
---------------------------++-------
   Fire: Shortbow          ||    65
 Armour: Leather armour    ||     2
  Dodge: Dodged            ||    17
